 Dungeon Crawl Stone Soup version 0.25-a0-940-gc6eaff51cc (webtiles) character file.

Game seed: 10682861745432255032, levelgen mode: deterministic

1291 kae the Frost Mage (level 8, 0/78 HPs)
             Began as a Merfolk Ice Elementalist on May 5, 2020.
             Was an Initiate of Sif Muna.
             Slain by an ice beast (8 damage)
             ... on level 6 of the Dungeon.
             The game lasted 00:05:27 (7212 turns).

kae the Frost Mage (Merfolk Ice Elementalist)       Turns: 7212, Time: 00:05:27

Health: 0/78       AC: 24    Str:  8    XL:     8   Next: 55%
Magic:  16/16      EV:  2    Int: 16    God:    Sif Muna [......]
Gold:   387        SH:  0    Dex: 15    Spells: 11/18 levels left

rFire    . . .     SeeInvis .   b - +3 scythe (pain)
rCold    . . .     Gourm    .   (shield currently unavailable)
rNeg     + + +     Faith    .   (armour currently unavailable)
rPois    +         Spirit   .   (helmet currently unavailable)
rElec    .         Reflect  .   (cloak currently unavailable)
rCorr    .         Harm     .   (gloves currently unavailable)
MR       .....     NoTele   +   (boots currently unavailable)
Stlth    ++........             i - amulet of rage
HPRegen  0.23/turn              (no ring)
MPRegen  0.15/turn              (no ring)

@: tree-form
A: (change form in water), (swift swim), (stealthy swim)
a: Renounce Religion, Evoke Berserk Rage


You were on level 6 of the Dungeon.
You worshipped Sif Muna.
Sif Muna was noncommittal.
You were near starving.
You were a tree.
You visited 2 branches of the dungeon, and saw 8 of its levels.

You collected 387 gold pieces.

Inventory:

Hand Weapons
 b - a +3 scythe of pain (weapon)
 e - a +1 whip
Armour
 l - a +1 robe (melded)
 m - a +2 pair of gloves (melded)
Magical Staves
 a - an uncursed staff of energy
Jewellery
 h - a cursed ring of teleportation {unknown}
 i - an amulet of rage (around neck)
 k - an uncursed amulet of regeneration
 p - an uncursed amulet of faith
Wands
 f - a wand of flame (4)
Scrolls
 r - 2 scrolls of teleportation
 u - a scroll of remove curse
 v - a scroll of identify
Potions
 d - 5 potions of curing
 j - a potion of mutation {unknown}
 n - 2 potions of degeneration {unknown}
 o - a potion of invisibility {unknown}
 q - 2 potions of stabbing
 s - a potion of flight
 t - a potion of brilliance {unknown}
Comestibles
 c - 6 rations


   Skills:
 + Level 0.0 Maces & Flails
 - Level 2.6 Dodging
 - Level 2.1 Stealth
 + Level 5.6 Spellcasting
 * Level 10.1 Ice Magic


You had 11 spell levels left.
You knew the following spells:

 Your Spells              Type           Power        Failure   Level  Hunger
a - Freeze                Ice            ####         1%          1    None
b - Frozen Ramparts       Ice            #####.       1%          3    ###....
c - Ozocubu's Armour      Chrm/Ice       ###.....     5%          3    ###....

Your spell library contained the following spells:

 Spells                   Type           Power        Failure   Level  Hunger
 Animate Skeleton         Necr           N/A          14%         1    None
 Pain                     Necr           #...         14%         1    None
 Hailstorm                Conj/Ice       ###.....     19%         4    ####...
 Summon Ice Beast         Ice/Summ       ###.....     19%         4    ####...
 Vampiric Draining        Necr           #.........   41%         3    ###....
 Animate Dead             Necr           N/A          82%         4    ####...
 Agony                    Necr           #.......     99%         5    ######.


Dungeon Overview and Level Annotations

Branches:
Dungeon (7/15)             Temple (1/1) D:6

Altars:
Ashenzari
Cheibriados
Dithmenos
Elyvilon
Fedhas
Gozag
Hepliaklqana
Kikubaaqudgha
Makhleb
Okawaru
Qazlal
Ru
Sif Muna
Trog
Uskayaw
Vehumet
Wu Jian
Yredelemnul
Zin

Annotations:
D:3 2 runed translucent doors, Thantalas's ghost, amateur GnWz


Message History

You hit the ice beast but do no damage.
The ice beast is almost dead.
The ice beast hits you but does no damage. x2
You hit the ice beast.
The ice beast is almost dead.
The ice beast hits you but does no damage. x2
You closely miss the ice beast.
The ice beast is almost dead.
The ice beast hits you.
* * * LOW HITPOINT WARNING * * *
The ice beast freezes you!
* * * LOW HITPOINT WARNING * * *
The ice beast hits you but does no damage.
You closely miss the ice beast.
The ice beast is almost dead.
The ice beast hits you but does no damage.
The ice beast hits you.
* * * LOW HITPOINT WARNING * * *
The ice beast freezes you!
You die...

############# #######
#...........######......
#.#####.................
##########.# #.###.b......#####
...........### #....#......####
.............# #Y..###...<....#
#########..#.# #♣.#.#.####.##.#
...........#.###...........##.#
###.#.###.##.#....##.########.#
#.#..........#####.# #.###
#.#####.##....#_##.# #.... ##.#
#.#######.##.# #...#
##..#####.######...### ##..#
...........[.##..#..#######
#..#
##.#########.##.###.#.....#
#..#


You could see an ice beast.

Vanquished Creatures
  Sigmund (D:6)
  Eustachio (D:6)
  An ogre (D:4)
  3 scorpions
  A crimson imp (D:5)
  A jelly (D:6)
  A hound (D:5)
  A centaur skeleton (D:5)
  A gnoll shaman (D:5)
  Natasha (thrice) (D:2)
  5 worker ants
  Terence (D:2)
  2 iguanas
  3 orc wizards
  A hound zombie (D:6)
  A howler monkey skeleton (D:5)
  3 gnolls (D:5)
  9 adders
  A shadow imp (D:5)
  2 oozes
  An adder zombie (D:5)
  2 adder skeletons
  4 worms
  2 dart slugs
  19 orcs
  6 giant cockroaches
  9 goblins
  2 hobgoblins
  7 kobolds
  A quokka (D:2)
  3 ball pythons
  9 bats
  4 frilled lizards
  2 quokka skeletons
  4 rats
117 creatures vanquished.

Notes
Turn   | Place    | Note
-------+----------+-------------------------------------------
     0 | D:1      | kae the Merfolk Ice Elementalist began the quest for the
                  | Orb.
     0 | D:1      | Reached XP level 1. HP: 13/13 MP: 3/3
   256 | D:1      | Reached XP level 2. HP: 19/19 MP: 5/5
   497 | D:1      | Reached skill level 5 in Ice Magic
   665 | D:1      | Reached XP level 3. HP: 22/24 MP: 0/6
  1344 | D:2      | Noticed Terence
  1354 | D:2      | Killed Terence
  1354 | D:2      | Reached XP level 4. HP: 14/30 MP: 1/8
  1556 | D:2      | Noticed Natasha
  1563 | D:2      | Killed Natasha
  1718 | D:2      | Reached skill level 6 in Ice Magic
  1731 | D:2      | Noticed Natasha
  1737 | D:2      | Killed Natasha
  1737 | D:2      | Reached XP level 5. HP: 35/35 MP: 4/9
  1832 | D:2      | Noticed Natasha
  1840 | D:2      | Killed Natasha
  2680 | D:3      | Found a runed translucent door.
  2681 | D:3      | Noticed Thantalas's ghost (amateur GnWz)
  2782 | D:3      | Found a runed translucent door.
  3107 | D:3      | Found a blossoming altar of Fedhas.
  3164 | D:3      | Reached XP level 6. HP: 35/41 MP: 4/11
  3259 | D:4      | Reached skill level 7 in Ice Magic
  3655 | D:3      | Learned a level 3 spell: Frozen Ramparts
  3659 | D:3      | Learned a level 3 spell: Ozocubu's Armour
  3967 | D:4      | Found a hazy altar of Hepliaklqana.
  3986 | D:4      | Reached XP level 7. HP: 43/46 MP: 6/13
  4403 | D:5      | Entered Level 5 of the Dungeon
  4418 | D:5      | Reached skill level 8 in Ice Magic
  5299 | D:5      | Reached skill level 9 in Ice Magic
  5460 | D:5      | Found an opulent altar of Gozag.
  5639 | D:6      | Noticed Sigmund
  5729 | D:6      | Reached XP level 8. HP: 43/52 MP: 15/15
  5895 | D:6      | Reached skill level 5 in Spellcasting
  6272 | D:6      | Found a staircase to the Ecumenical Temple.
  6293 | D:6      | Found a white marble altar of Elyvilon.
  6293 | D:6      | Found a snail-covered altar of Cheibriados.
  6298 | D:6      | Found a bloodstained altar of Trog.
  6300 | D:6      | Found a shadowy altar of Dithmenos.
  6301 | D:6      | Found a faded altar of an unknown god.
  6335 | D:6      | Noticed Eustachio
  6350 | D:6      | Killed Eustachio
  6460 | Temple   | Entered the Ecumenical Temple
  6841 | Temple   | Became a worshipper of Sif Muna the Loreminder
  7119 | D:6      | Killed Sigmund
  7119 | D:6      | Reached skill level 10 in Ice Magic
  7212 | D:6      | Slain by an ice beast

Levels and vault maps discovered:
D:1:      minmay_arrival_plants_in_alcoves, layout_rooms
D:2:      layout_rooms, uniq_terence, uniq_natasha
D:3:      layout_loops_corners, lemuel_coloured_pillars_altar,
          ebering_ghost_sewer_f
D:4:      layout_rooms, nicolae_overflow_hidden_temple
D:5:      layout_loops_cross, lemuel_round_altar, first_ration,
          minmay_misc_feat_chi
D:6:      layout_loops_ring, chequers_temple_overflow_minitemple,
          minmay_temple_entry_butterflies, uniq_eustachio, uniq_sigmund
D:7:      layout_gridville, tso_oasis_becter, xom_shifter_show, uniq_harold
Temple:   minmay_temple_forest_path

Skill      XL: |  1  2  3  4  5  6  7  8 |
---------------+-------------------------+-----
Ice Magic      | 5 6 7 9 10 | 10.1
Spellcasting   | 3 4 5 |  5.6
Dodging        | |  2.6
Stealth        | |  2.1

Action                   |  1- 3 |  4- 6 |  7- 9 || total
-------------------------+-------+-------+-------++-------
Melee: Unarmed           |     8 |       |       ||     8
       Whip              |     3 |       |       ||     3
       Staff             |     1 |    23 |    69 ||    93
       Scythe            |       |       |    22 ||    22
 Cast: Freeze            |    49 |    83 |    64 ||   196
       Frozen Ramparts   |       |     3 |    12 ||    15
       Ozocubu's Armour  |       |     1 |       ||     1
  Use: Scroll            |       |     6 |     6 ||    12
       Potion            |       |       |     2 ||     2
 Stab: Sleeping          |     1 |       |     3 ||     4
  Eat: Chunk             |     1 |     9 |     8 ||    18
Armor: Robe              |     3 |    27 |    44 ||    74
       Skin              |       |       |    16 ||    16
Dodge: Dodged            |    37 |    69 |   107 ||   213

Table legend:
 A = Non-vault XP
 B = Vault XP
 C = Vault XP percentage of total XP
 D = Non-vault monster count
 E = Vault monster count
 F = Vault count percentage of total count
                 A         B        C        D         E       F
            +---------+---------+-------+---------+---------+-------
      Total |    1350 |     495 |  26.8 |     113 |       4 |   3.4
            +---------+---------+-------+---------+---------+-------
        D:1 |      34 |       0 |   0.0 |      22 |       0 |   0.0
        D:2 |     117 |      73 |  38.4 |      16 |       2 |  11.1
        D:3 |     129 |       0 |   0.0 |      23 |       0 |   0.0
        D:4 |     342 |       0 |   0.0 |      16 |       0 |   0.0
        D:5 |     487 |       0 |   0.0 |      26 |       0 |   0.0
        D:6 |     241 |     422 |  63.7 |      10 |       2 |  16.7
            +---------+---------+-------+---------+---------+-------
